 Dungeon Crawl Stone Soup version 0.28.0-53-g5a82cb258f (webtiles) character file.

Game seed: 10706351363423681305

1880 Gabide the Stinger (level 9, -9/63 HPs)
             Began as a Formicid Venom Mage on June 13, 2022.
             Was a Follower of Vehumet.
             Killed from afar by Maggie (21 damage)
             ... with a bolt of fire
             ... on level 6 of the Dungeon.
             The game lasted 00:20:08 (7579 turns).

Gabide the Stinger (Formicid Venom Mage)            Turns: 7579, Time: 00:20:09

Health: -9/63      AC:  6    Str: 13    XL:     9   Next: 36%
Magic:  0/15       EV: 12    Int: 19    God:    Vehumet [*.....]
Gold:   163        SH:  0    Dex: 11    Spells: 9/16 levels left

rFire   . . .      SeeInvis +   a - +4 flail (drain)
rCold   + . .      Faith    .   (no shield)
rNeg    + . .      Spirit   .   q - +0 robe
rPois   .          Reflect  .   (helmet unavailable)
rElec   .          Harm     .   p - +2 cloak {rCorr}
rCorr   +          Rampage  .   f - +0 pair of gloves
Will    .....                   (no boots)
Stlth   ++........              e - amulet of regeneration
HPRegen 1.00/turn               n - ring of Suspected Treachery {Fly rC+ rN+}
MPRegen 0.14/turn               (no ring)

@: flying, mesmerised
A: permanent stasis, dig shafts and tunnels, antennae 3, four strong arms
a: Dig, Shaft Self, Renounce Religion


You were on level 6 of the Dungeon.
You worshipped Vehumet.
Vehumet was aware of your devotion.
You visited 2 branches of the dungeon, and saw 7 of its levels.

You collected 163 gold pieces.

Inventory:

Hand Weapons
 a - a +4 flail of draining (weapon)
Armour
 f - a +0 pair of gloves (worn)
 p - a +2 cloak of preservation (worn)
 q - a +0 robe (worn)
Jewellery
 e - an amulet of regeneration (around neck)
 n - the ring of Suspected Treachery (left hand) {Fly rC+ rN+}
   (You found it on level 3 of the Dungeon)

   [ring of positive energy]

   rC:        It protects you from cold.
   rN:        It protects you from negative energy.
   Fly:       It grants you flight.
 o - an amulet of the acrobat
Wands
 m - a wand of flame (29)
Scrolls
 c - a scroll of acquirement {unknown}
 d - a scroll of silence {unknown}
 h - a scroll of magic mapping {unknown}
 l - a scroll of enchant weapon {unknown}
Potions
 b - a potion of cancellation
 g - a potion of brilliance
 i - a potion of flight {unknown}
 j - a potion of berserk rage {unknown}
 k - a potion of curing
 r - a potion of degeneration {unknown}
 s - 3 potions of attraction {unknown}


   Skills:
 - Level 3.0 Fighting
 + Level 7.5 Maces & Flails
 - Level 3.0 Dodging
 - Level 3.0 Stealth
 - Level 4.0 Spellcasting
 - Level 5.0 Transmutations
 + Level 7.7 Poison Magic


You had 9 spell levels left.
You knew the following spells:

 Your Spells              Type           Power      Damage    Failure   Level
a - Sting                 Tmut/Pois      100%       1d8       1%          1
b - Poisonous Vapours     Pois/Air       36%        N/A       4%          2
c - Olgreb's Toxic Radia  Pois           33%        N/A       5%          4

Your spell library contained the following spells:

 Spells                   Type           Power      Damage    Failure   Level
 Shock                    Conj/Air       12%        1d3       14%         1
 Apportation              Tloc           6%         N/A       14%         1
 Magic Dart               Conj           12%        1d3       14%         1
 Mephitic Cloud           Conj/Pois/Air  13%        N/A       14%         3
 Call Imp                 Summ           3%         N/A       21%         2
 Corpse Rot               Necr/Air       6%         N/A       21%         2
 Alistair's Intoxication  Tmut/Pois      18%        N/A       28%         5


Dungeon Overview and Level Annotations

Branches:
Dungeon (6/15)             Temple (1/1) D:4

Altars:
Dithmenos
Elyvilon
Fedhas
Gozag
Kikubaaqudgha
Nemelex Xobeh
Okawaru
Qazlal
Ru
Sif Muna
Trog
Uskayaw
Vehumet
Wu Jian
Xom
Zin

Shops:
D:2 (   D:5 :([=*

Annotations:
D:4 exclusion: gnoll, Sigmund
D:5 1 runed translucent door, Atelerd's ghost, novice OpEE
D:6 Maggie


Innate Abilities, Weirdness & Mutations

You cannot be hasted, slowed, berserked, paralysed or teleported.
You can dig through walls and to a lower floor.
You have a pair of large antennae on your head. (SInv)
Your four strong arms can wield two-handed weapons with a shield.


Message History

Confirm with . or Enter, or press ? or * to list all spells.
Aiming: Sting (safe; 1% risk of failure)
Press: ? - help, Shift-Dir - straight line, f/p - Maggie
Aim: Maggie, wielding a +0 war axe of flaming and wearing +0 steam dragon scales (severely wounded, extremely poisoned, 78% to hit)
The sting hits Maggie but does no damage.
Maggie looks as sick as possible!
Maggie is severely wounded.
Maggie hits you with a +0 war axe of flaming!
Maggie burns you.
You hit Maggie. You drain Maggie.
Maggie is severely wounded.
Maggie points at you and mumbles some strange words.
The bolt of fire hits you!!
* * * LOW HITPOINT WARNING * * *
Okay, then.
Okay, then.
Aiming: Sting (safe; 1% risk of failure)
Press: ? - help, Q - select action, (/) - cycle Shift-Dir - straight line, f/p - Maggie
Aim: Maggie, wielding a +0 war axe of flaming and wearing +0 steam dragon scales (severely wounded, extremely poisoned, lightly drained, 78% to hit)
The sting hits Maggie.
Maggie looks as sick as possible!
Maggie is severely wounded.
Maggie gestures wildly while chanting.
Maggie attempts to bespell you!
You are mesmerised by Maggie!
It was a potion of curing.
You feel better. Maggie gestures at you while chanting.
The bolt of fire hits you!
* * * LOW HITPOINT WARNING * * *
You feel better.
Maggie says, "How do the people who live here stand the isolation?"
Maggie hits you with a +0 war axe of flaming.
* * * LOW HITPOINT WARNING * * *
Maggie burns you.
* * * LOW HITPOINT WARNING * * *
Your magical contamination has completely faded away.
You hit Maggie. You drain Maggie.
Maggie is almost dead.
Maggie gestures at you while chanting. The bolt of fire hits you!!
You die...

##...###........#
##...###........#
................#
................#
........######.########
..####### #..##....#+### ..#
##.##.......... ..#
##########..#..........
..........^.....@@.....>....
..##############.#..........
..# #...........# ..#
##..........# ....
#..........# ####
##.......... #Š##...... ##.#
+#### #..


You could see Maggie (mesmerising, extremely poisoned, drained).

Vanquished Creatures
  Edmund (D:4)
  2 water moccasins
  2 ice beasts
  A necrophage (D:6)
  A sky beast (D:6)
  4 ogres
  A phantom (D:6)
  Blork the orc (D:4)
  2 scorpions (D:6)
  A water moccasin zombie (D:5)
  A hound (D:4)
  A jelly (D:5)
  A centaur zombie (D:5)
  2 orc priests
  Crazy Yiuf (D:4)
  A bullfrog skeleton (D:4)
  Jessica (D:3)
  2 orc wizards (D:6)
  2 iguanas
  8 adders
  2 white imps
  3 ufetubi (D:5)
  A worm (D:2)
  A dart slug (D:1)
  14 orcs
  10 endoplasms
  5 giant cockroaches
  7 goblins
  5 hobgoblins
  10 jackals
  2 quokkas (D:1)
  7 ball pythons
  3 bats
  6 frilled lizards
  6 kobolds
  3 rats
121 creatures vanquished.

Notes
Turn   | Place    | Note
-------+----------+-------------------------------------------
     0 | D:1      | Gabide the Formicid Venom Mage began the quest for the Orb.
     0 | D:1      | Reached XP level 1. HP: 13/13 MP: 3/3
   390 | D:1      | Reached XP level 2. HP: 19/19 MP: 0/5
   512 | D:1      | Learned a level 2 spell: Poisonous Vapours
   787 | D:1      | Reached XP level 3. HP: 24/24 MP: 4/6
  1547 | D:2      | Reached skill level 5 in Poison Magic
  1547 | D:2      | Reached XP level 4. HP: 30/30 MP: 0/8
  1989 | D:2      | Found Yhoycoi's Weapon Shoppe.
  2069 | D:2      | Found a shimmering altar of Xom.
  2464 | D:3      | Reached XP level 5. HP: 35/35 MP: 4/9
  2515 | D:3      | Found an ornate altar of the Wu Jian Council.
  2516 | D:3      | Found a sparkling altar of Nemelex Xobeh.
  2538 | D:3      | Learned a level 4 spell: Olgreb's Toxic Radiance
  2946 | D:3      | Noticed Jessica
  2954 | D:3      | Killed Jessica
  3163 | D:3      | Identified the ring of Suspected Treachery {Fly rC+ rN+}
  3516 | D:4      | Reached XP level 6. HP: 31/41 MP: 0/11
  3523 | D:4      | Noticed an ogre
  3637 | D:4      | Killed an ogre
  3769 | D:4      | Noticed Blork the orc
  3787 | D:4      | Killed Blork the orc
  4104 | D:4      | Found a staircase to the Ecumenical Temple.
  4122 | Temple   | Entered the Ecumenical Temple
  4168 | Temple   | Became a worshipper of Vehumet
  4272 | D:4      | Found a white marble altar of Elyvilon.
  4275 | D:4      | Found a shimmering altar of Xom.
  4286 | D:4      | Found a stormy altar of Qazlal.
  4357 | D:4      | Reached XP level 7. HP: 50/52 MP: 12/12
  4456 | D:4      | Noticed Sigmund
  4804 | D:4      | Noticed Edmund
  4831 | D:4      | Killed Edmund
  4941 | D:4      | Found a runed translucent door.
  4942 | D:4      | Noticed Crazy Yiuf
  4956 | D:4      | Killed Crazy Yiuf
  5521 | D:5      | Entered Level 5 of the Dungeon
  5624 | D:5      | Found a runed translucent door.
  5625 | D:5      | Noticed Atelerd's ghost (novice OpEE)
  5640 | D:5      | Reached XP level 8. HP: 46/58 MP: 1/14
  5754 | D:5      | Found Faycem's Book Shop.
  5764 | D:5      | Reached skill level 5 in Transmutations
  5764 | D:5      | Reached skill level 1 in Maces & Flails
  5844 | D:5      | Noticed a shadow
  6249 | D:5      | Found Baletuha's Armour Shoppe.
  6254 | D:5      | Found Fuuneff's Jewellery Shoppe.
  6254 | D:5      | Found Media's Antique Weapon Shop.
  6260 | D:5      | Reached * piety under Vehumet
  6260 | D:5      | Offered knowledge of Shock by Vehumet.
  6463 | D:5      | Found Usikei's Assorted Antiques.
  6647 | D:6      | Reached skill level 5 in Maces & Flails
  7035 | D:6      | Reached XP level 9. HP: 63/63 MP: 6/15
  7560 | D:6      | Noticed Maggie
  7579 | D:6      | Killed from afar by Maggie

Illustrated notes

Levels and vault maps discovered:
D:1:      tarquinn_simple_flora_water_e, layout_basic
D:2:      layout_basic, basic_altar, serial_shops, nicolae_shop_behind_doors
D:3:      layout_basic, mainiacjoe_overflow_divided_tiny, serial_rivers,
          chequers_serial_rivers_micro_e, chequers_serial_rivers_small_b,
          chequers_serial_rivers_room_b, chequers_serial_rivers_micro_a,
          chequers_serial_rivers_micro_c, chequers_serial_rivers_large_a,
          wad_floor_pattern_untrapped, uniq_jessica
D:4:      layout_basic, gammafunk_temple_overflow_forgotten,
          minmay_temple_entry_statues_pillars, chequers_serial_rivers_micro_a,
          uniq_sigmund, uniq_crazy_yiuf_cottage, uniq_blork_the_orc, uniq_edmund
D:5:      layout_basic, serial_shops, nicolae_lakefront_shop, shop,
          nicolae_shop_crystal, shop, shop, ebering_ghost_sewer_d,
          lightli_corner_chamber
D:6:      minmay_evil_eye, layout_basic, kennysheep_mini, serial_shops,
          nicolae_diamond_shop, hangedman_decor_peaks_small, uniq_maggie
Temple:   jpeg_temple_clearing

Skill      XL: |  1  2  3  4  5  6  7  8  9 |
---------------+----------------------------+-----
Transmutations | 2 3 4 5 |  5.0
Poison Magic   | 5 6 7 |  7.7
Spellcasting   | 3 4 |  4.0
Fighting       | 3 |  3.0
Dodging        | 2 3 |  3.0
Stealth        | 3 |  3.0
Maces & Flails | 6 7 |  7.5

Action                   |  1- 3 |  4- 6 |  7- 9 || total
-------------------------+-------+-------+-------++-------
Melee: Unarmed           |    21 |    13 |       ||    34
       Punch             |     1 |       |     1 ||     2
       Dagger            |       |    14 |       ||    14
       Flail             |       |       |    86 ||    86
 Cast: Sting             |    63 |   105 |    70 ||   238
       Poisonous Vapours |       |    12 |     2 ||    14
       Olgreb's Toxic Ra |       |       |    31 ||    31
  Use: Scroll            |       |     4 |       ||     4
       Potion            |       |       |     2 ||     2
Armor: Robe              |     7 |    18 |    49 ||    74
Dodge: Dodged            |    39 |    38 |    83 ||   160
